 Dungeon Crawl Stone Soup version 0.20.1-1-g8b1a95d (webtiles) character file.

5282 Irenicus the Cleaver (level 10, -1/84 HPs)
             Began as a Deep Dwarf Berserker on Nov 12, 2017.
             Was an Elder of Trog.
             Slain by a stone giant (28 damage)
             ... on level 1 of the Orcish Mines.
             The game lasted 00:36:36 (4641 turns).

Irenicus the Cleaver (Deep Dwarf Berserker)         Turns: 4641, Time: 00:36:37

Health: -1/84      AC:  6    Str: 20    XL:     10   Next: 37%
Magic:  16/16      EV: 24    Int: 11    God:    Trog [****..]
Gold:   308        SH:  0    Dex: 20    Spells: 9/9 levels left

rFire    + . .     SeeInvis .   y - +1 hand axe (distort)
rCold    + . .     Gourm    .   (no shield)
rNeg     . . .     Faith    .   k - +0 ring mail
rPois    .         Spirit   .   (helmet restricted)
rElec    .         Reflect  .   A - scarf {rC+ rF+}
rCorr    .         Harm     .   (no gloves)
MR       ++...                  E - +0 pair of boots
Stlth    ++........             (no amulet)
Regen    0.0/turn               h - +5 ring of evasion
MPRegen  0.2/turn               B - ring of protection from magic

@: agile, berserk cooldown, non-regenerating, slowed, very slow
A: damage resistance, heal wounds, antennae 1, talons 1, clever 1, sense
surroundings 2, no regeneration
a: Heal Wounds, Berserk, Trog's Hand, Brothers in Arms, Burn Spellbooks,
Renounce Religion


You were on level 1 of the Orcish Mines.
You worshipped Trog.
Trog was greatly pleased with you.
You were not hungry.

You visited 3 branches of the dungeon, and saw 11 of its levels.

You collected 468 gold pieces.
You spent 160 gold pieces at shops.

Inventory:

Hand Weapons
 a - a +0 hand axe
 y - a +1 hand axe of distortion (weapon)
Armour
 k - a +0 ring mail (worn)
 r - a +0 cloak of invisibility
 A - a scarf of resistance (worn)
 E - a +0 pair of boots (worn)
 K - a +2 helmet
Jewellery
 h - a +5 ring of evasion (left hand)
 n - an uncursed ring of flight
 B - a ring of protection from magic (right hand)
Wands
 z - a wand of polymorph (17/24)
 D - a wand of flame (0/48)
 G - a wand of paralysis (9/24)
 H - a wand of confusion (17/48)
 I - a wand of acid (5/15)
 L - a wand of flame (1/48)
Scrolls
 b - 2 scrolls of immolation
 e - 7 scrolls of teleportation
 f - 3 scrolls of remove curse
 i - a scroll of recharging
 j - a scroll of identify
 m - 2 scrolls of random uselessness {unknown}
 p - 2 scrolls of magic mapping {unknown}
 s - 2 scrolls of blinking {unknown}
 t - 4 scrolls of amnesia {unknown}
 x - a scroll of noise {unknown}
 F - 2 scrolls of enchant armour {unknown}
Potions
 o - a potion of mutation
 q - a potion of berserk rage
 u - a potion of resistance
 w - a potion of brilliance
 C - a potion of flight
 J - a potion of might
 M - a potion of curing
Comestibles
 c - 8 bread rations
 d - 3 meat rations
 v - 6 royal jellies


   Skills:
 - Level 3.0 Fighting
 - Level 14.0 Axes
 - Level 2.1 Armour
 - Level 4.2 Dodging
 + Level 9.5 Evocations


You had 9 spell levels left.
You didn't know any spells.

Dungeon Overview and Level Annotations

Branches:
Dungeon (9/15)             Temple (1/1) D:4            Lair (0/6) D:9
    Orc (1/2) D:9

Altars:
Ashenzari
Cheibriados
Dithmenos
Elyvilon
Fedhas
Gozag
Hepliaklqana
Kikubaaqudgha
Makhleb
Nemelex Xobeh
Qazlal
Ru
Sif Muna
Trog
Uskayaw
Vehumet
Xom
Yredelemnul
Zin
The Shining One

Shops:
D:5 [

Annotations:
D:5 Dowan, Duvessa
D:6 letownia2's ghost, novice DDNe
Orc:1 Tenz's ghost, journeyman GrFi


Innate Abilities, Weirdness & Mutations

You are resistant to damage.
You can heal yourself by infusing magical energy.
You passively map the area around you.
You do not regenerate.
You have a pair of small antennae on your head.
You have sharp toenails.
Your mind is acute. (Int +2)


Message History

Okay, then.
You feel the effects of Trog's Hand fading.
You see here 3 large rocks.
Okay, then.
You feel much better.
A red film seems to cover your vision as you go berserk!
You feel yourself moving faster!
You feel mighty!
You feel quite a bit more hungry.
You feel a strong urge to attack something.
The stone giant throws a large rock.
The large rock hits you!!
You see here 4 large rocks.
You feel your anger subside.
You are no longer berserk.
You are exhausted.
You feel yourself slow down.
Your skin stops crawling.
You feel less resistant to hostile enchantments.
You hit the stone giant but do no damage.
The stone giant looks slightly unstable.
The stone giant hits you!!
You die...

##.##..........###
#......#.........###
#...#.......#......#*
##...##.....###.#....#
#...........#######.##
#.........>.#.## ##
...............##### * *
#..........)).##.#.## ,,
...........)..(C@(..# * **
,,, ...........)#....#.##
, ............#.)###.#...
* ,, *
...............##......$#
, ,
............#.C.......>..$
*
....##......#.......#.....
,
##.##....................#
, * ##
#.##................. , *
, ,###...............


You could see a stone giant.

Vanquished Creatures
  A troll (D:9)
  2 hornets (D:8)
  A hungry ghost (D:9)
  Grum (D:9)
  A soldier ant (D:8)
  3 orc warriors (Orc:1)
  3 ice beasts
  A phantom (D:9)
  A black bear (D:9)
  A necrophage (D:6)
  A sky beast (D:7)
  3 wolves (D:9)
  3 ogres
  2 centaurs
  A bullfrog (D:7)
  2 scorpions (D:5)
  6 killer bees (D:9)
  An electric eel (D:9)
  3 howler monkeys (D:9)
  3 crimson imps
  Crazy Yiuf (D:2)
  11 orc priests
  5 hounds
  2 bullfrog skeletons
  5 worker ants
  An iguana (D:6)
  16 orc wizards
  Terence (D:2)
  A howler monkey skeleton (D:6)
  2 worker ant zombies
  12 adders
  2 shadow imps
  An ooze (D:4)
  An adder skeleton (D:9)
  2 worms
  A dart slug (D:4)
  5 leopard geckos
  51 orcs
  A ball python (D:3)
  6 bats
  6 giant cockroaches
  4 goblins
  8 hobgoblins
  2 quokkas
  4 frilled lizards
  A jackal skeleton (D:4)
  6 kobolds
  2 rats (D:1)
200 creatures vanquished.

Vanquished Creatures (others)
  A two-headed ogre (Orc:1)
  A warg (Orc:1)
  An ice beast (D:9)
  A wolf (D:9)
  A hound (D:9)
  A centaur skeleton (D:9)
  An orc (Orc:1)
7 creatures vanquished.

Grand Total: 207 creatures vanquished

Notes
Turn   | Place    | Note
-------+----------+-------------------------------------------
     0 | D:1      | Irenicus the Deep Dwarf Berserker began the quest for the Orb.
     0 | D:1      | Reached XP level 1. HP: 20/20 MP: 1/1
   151 | D:1      | Reached XP level 2. HP: 22/27 MP: 2/2
   259 | D:1      | You fall through a shaft!
   301 | D:2      | Found a white marble altar of Elyvilon.
   347 | D:2      | Found a basalt altar of Yredelemnul.
   384 | D:2      | Reached skill level 4 in Axes
   607 | D:1      | Reached XP level 3. HP: 19/34 MP: 3/3
   614 | D:1      | Reached ** piety under Trog
   918 | D:2      | Noticed Terence
   925 | D:2      | Killed Terence
   926 | D:2      | Reached skill level 5 in Axes
   927 | D:2      | Reached XP level 4. HP: 34/42 MP: 4/4
   954 | D:2      | Found a sparkling altar of Nemelex Xobeh.
  1045 | D:2      | Found a runed door.
  1050 | D:2      | Noticed Crazy Yiuf
  1056 | D:2      | Killed Crazy Yiuf
  1181 | D:3      | Found a snail-covered altar of Cheibriados.
  1181 | D:3      | Found a bloodstained altar of Trog.
  1261 | D:3      | Reached skill level 6 in Axes
  1261 | D:3      | Reached XP level 5. HP: 49/49 MP: 5/5
  1363 | D:3      | Reached skill level 7 in Axes
  1412 | D:4      | Noticed an ogre
  1419 | D:4      | Killed an ogre
  1419 | D:4      | Reached XP level 6. HP: 56/56 MP: 6/6
  1443 | D:4      | Found a shattered altar of Ashenzari.
  1479 | D:4      | Reached skill level 8 in Axes
  1506 | D:4      | Found a staircase to the Ecumenical Temple.
  1532 | Temple   | Entered the Ecumenical Temple
  1663 | D:5      | Entered Level 5 of the Dungeon
  1663 | D:5      | Noticed Duvessa
  1663 | D:5      | Noticed Dowan
  2004 | D:5      | Reached XP level 7. HP: 25/62 MP: 7/7
  2047 | D:5      | Gained mutation: You have sharp toenails. [potion of mutation]
  2047 | D:5      | Gained mutation: Your mind is acute. (Int +2) [potion of mutation]
  2047 | D:5      | Gained mutation: You have a pair of small antennae on your head. [potion of mutation]
  2054 | D:5      | Reached skill level 9 in Axes
  2169 | D:5      | Reached *** piety under Trog
  2392 | D:5      | Found Ujumyokh's Antique Armour Shoppe.
  2398 | D:5      | Reached skill level 10 in Axes
  2401 | D:5      | Bought a glowing scarf for 160 gold pieces
  2434 | D:5      | Found a sacrificial altar of Ru.
  2588 | D:6      | Reached XP level 8. HP: 21/69 MP: 8/8
  2630 | D:6      | Noticed letownia2's ghost (novice DDNe)
  2645 | D:6      | Found a shimmering altar of Xom.
  2813 | D:6      | Reached skill level 11 in Axes
  2949 | D:6      | You fall through a shaft!
  3459 | D:7      | Reached skill level 12 in Axes
  3608 | D:8      | Noticed a hornet
  3618 | D:8      | Killed a hornet
  3623 | D:8      | Gained mutation: You passively map the area around you. [Deep Dwarf growth]
  3623 | D:8      | Reached XP level 9. HP: 12/75 MP: 9/9
  3630 | D:8      | Reached skill level 13 in Axes
  3771 | D:9      | Noticed a queen bee
  3794 | D:9      | Noticed Grum
  3804 | D:9      | HP: 4/112 [worker ant zombie (2)]
  3807 | D:9      | HP: 1/112 [Grum/halberd (3)]
  3816 | D:9      | Killed Grum
  3905 | D:9      | Reached skill level 14 in Axes
  4137 | D:9      | Reached skill level 1 in Evocations
  4150 | D:9      | Found a staircase to the Lair.
  4154 | D:9      | Reached **** piety under Trog
  4161 | D:9      | Noticed a troll
  4177 | D:9      | Reached skill level 5 in Evocations
  4201 | D:9      | Reached XP level 10. HP: 32/84 MP: 13/13
  4256 | D:9      | Found a staircase to the Orcish Mines.
  4360 | Orc:1    | Entered Level 1 of the Orcish Mines
  4545 | Orc:1    | Noticed Tenz's ghost (journeyman GrFi)
  4554 | Orc:1    | Noticed a stone giant
  4581 | Orc:1    | Noticed a two-headed ogre
  4627 | Orc:1    | Banished a two-headed ogre
  4641 | Orc:1    | Slain by a stone giant

Skill      XL: |  1  2  3  4  5  6  7  8  9 10 |
---------------+-------------------------------+-----
Fighting       | 3 |  3.0
Axes           | 4 5 6 7 8 10 12 14 | 14.0
Dodging        | 4 |  4.2
Evocations     | 5 9 |  9.5
Armour         | |  2.1

Action                   |  1- 3 |  4- 6 |  7- 9 | 10-12 || total
-------------------------+-------+-------+-------+-------++-------
Melee: Hand axe          |   100 |   158 |   334 |    76 ||   668
       Kick              |       |       |    47 |       ||    47
Invok: Berserk           |     1 |     4 |     6 |     3 ||    14
       Trog's Hand       |       |     2 |     6 |     4 ||    12
 Abil: Heal Wounds       |       |       |     3 |     3 ||     6
Evoke: Wand              |       |       |    14 |    10 ||    24
  Use: Scroll            |       |     2 |     9 |     4 ||    15
       Potion            |       |       |     5 |     1 ||     6
 Stab: Paralysed         |       |       |       |     1 ||     1
  Eat: Royal jelly       |     1 |     1 |     4 |       ||     6
       Chunk             |       |     5 |    10 |     1 ||    16
       Fruit             |       |       |     3 |       ||     3
       Meat ration       |       |       |       |     1 ||     1
Armor: Animal skin       |     7 |       |       |       ||     7
       Ring mail         |    19 |    32 |    46 |     7 ||   104
       Skin              |       |       |    10 |       ||    10
Dodge: Dodged            |    97 |   110 |   170 |    49 ||   426
